 Dungeon Crawl Stone Soup version 0.28.0-53-g5a82cb258f (webtiles) character file.

Game seed: 6339474172314664166

51 infcreate the Sneak (level 3, 19/19 HPs)
             Began as a Vampire Enchanter on July 28, 2022.
             Quit the game on level 2 of the Dungeon.
             The game lasted 00:03:09 (1765 turns).

infcreate the Sneak (Vampire Enchanter)             Turns: 1765, Time: 00:03:09

Health: 19/19      AC:  2    Str:  7    XL:     3   Next: 58%
Magic:  6/6        EV: 13    Int: 17    God:
Gold:   37         SH:  0    Dex: 16    Spells: 1/6 levels left

rFire   . . .      SeeInvis +   a - +1 dagger
rCold   + + .      Faith    .   (no shield)
rNeg    + + +      Spirit   .   b - +0 robe
rPois   ∞          Reflect  .   (no helmet)
rElec   .          Harm     .   (no cloak)
rCorr   .          Rampage  .   (no gloves)
Will    .....                   (no boots)
Stlth   +++++.....              (no amulet)
HPRegen 0.06/turn               (no ring)
MPRegen 0.10/turn               (no ring)

@: bloodless
A: bloodless, fangs 3, see invisible, vampiric 2
a: Bat Form, Revivify


You were on level 2 of the Dungeon.
You visited 1 branch of the dungeon, and saw 2 of its levels.

You collected 37 gold pieces.


Innate Abilities, Weirdness & Mutations

You do not regenerate when monsters are visible.
You are frail without blood (-20% HP).
You can heal yourself when you bite living creatures.
You are immune to poison.
You have razor-sharp teeth.
You have supernaturally acute eyesight. (SInv)
You are afflicted with vampirism and can become a bat while bloodless.


   Skills:
 + Level 2.0 Short Blades
 + Level 2.7 Dodging
 + Level 5.1 Stealth
 + Level 2.4 Spellcasting
 + Level 5.0 Hexes


You had one spell level left.
You knew the following spells:

 Your Spells              Type           Power      Damage    Failure   Level
c - Confusing Touch       Hex            19%        N/A       7%          3
e - Ensorcelled Hibernat  Hex/Ice        20%        N/A       10%         2

Your spell library contained the following spells:

 Spells                   Type           Power      Damage    Failure   Level
 Summon Small Mammal      Summ           8%         N/A       19%         1
 Tukima's Dance           Hex            19%        N/A       7%          3
 Dazzling Flash           Conj/Hex       20%        N/A       21%         3
 Summon Guardian Golem    Hex/Summ       10%        N/A       21%         3
 Call Canine Familiar     Summ           2%         N/A       50%         3

Inventory:

Hand Weapons
 a - a +1 dagger (weapon)
Missiles
 d - 45 stones (quivered)
Armour
 b - a +0 robe (worn)
Scrolls
 e - 2 scrolls of immolation {unknown}
 f - a scroll of enchant weapon {unknown}
Potions
 c - a potion of invisibility
 g - a potion of mutation {unknown}
 h - a potion of haste {unknown}
 i - 2 potions of flight {unknown}
 j - a potion of curing {unknown}

Dungeon Overview and Level Annotations

Branches:
Dungeon (1/15)

Altars:

#####.#.# #..........
#.......# ##...######
#.###.### ##.##
.##.###.# #.#
........# #.#
###.##### ##'## #.#
##...##
#.##########.†>..##
#........##...@...#
#####...##.#....†....#
....(................+
#####...##[#.........#
##..##.#........## ..#
#.#.....## ....
#.##...## #.#### ##+##
.#


There were no monsters in sight!


Message History

The helpless adder fails to defend itself.
You bite the adder, and draw its blood! You impale the adder!!
You kill the adder!
Your Short Blades skill increases to level 2!
Your Stealth skill increases to level 5!
The helpless rat fails to defend itself.
You bite the rat, and draw its blood! You impale the rat!!
You kill the rat!
Your Hexes skill increases to level 5!
j - a purple potion
Okay, then.
Found a ring mail.
Found 19 bolts.
Found a robe.
You see here 19 bolts.
Found a stone staircase leading down.
You open the door.
A bat and a rat come into view.
Found a stone staircase leading down.
There is an open door here.
The helpless rat fails to defend itself.
You bite the rat, and draw its blood! You impale the rat!!
You kill the rat!
There is a stone staircase leading down here.
The helpless bat fails to defend itself.
You bite the bat, and draw its blood! You impale the bat!!
You kill the bat!
Welcome back, infcreate the Vampire Enchanter.
Press ? for a list of commands and other information.
Are you sure you want to abandon this character and quit the game? (Confirm with "yes".)

Skill      XL: |  1  2  3 |
---------------+----------+-----
Short Blades   | 2 |  2.0
Stealth        | 5 |  5.1
Hexes          | 5 |  5.0
Dodging        | |  2.7
Spellcasting   | |  2.4

Action                   || total
-------------------------++-------
Melee: Dagger            ||    56
       Punch             ||     1
       Bite              ||     3
 Cast: Ensorcelled Hiber ||    18
 Abil: Exsanguinate      ||     1
 Stab: Sleeping          ||    26
Armor: Robe              ||     4
Dodge: Dodged            ||    29

Levels and vault maps discovered:
D:1:      minmay_arrival_shattered_statue, layout_basic, due_unseen_surprise
D:2:      cheibrodos_pilgrimage, layout_loops_corners, basic_altar, uniq_jessica

Notes
Turn   | Place    | Note
-------+----------+-------------------------------------------
     0 | D:1      | infcreate the Vampire Enchanter began the quest for the
                  | Orb.
     0 | D:1      | Reached XP level 1. HP: 13/13 MP: 3/3
   573 | D:1      | Reached XP level 2. HP: 15/15 MP: 5/5
   576 | D:1      | Learned a level 2 spell: Ensorcelled Hibernation
  1258 | D:1      | You fall into a shaft and drop 1 floor!
  1372 | D:2      | HP: 1/15 [adder (2)]
  1383 | D:2      | Gained mutation: You are afflicted with vampirism and can
                  | become a bat while bloodless. [Vampire growth]
  1383 | D:2      | Reached XP level 3. HP: 4/19 MP: 0/6
  1387 | D:2      | Learned a level 3 spell: Confusing Touch
  1698 | D:2      | Reached skill level 2 in Short Blades
  1698 | D:2      | Reached skill level 5 in Stealth
  1700 | D:2      | Reached skill level 5 in Hexes
  1765 | D:2      | Quit the game

Vanquished Creatures
  2 adders (D:2)
  A dart slug (D:2)
  2 endoplasms
  A giant cockroach (D:1)
  2 goblins (D:1)
  4 hobgoblins (D:1)
  2 quokkas (D:1)
  2 ball pythons
  4 bats
  2 frilled lizards (D:1)
  2 kobolds (D:1)
  9 rats
33 creatures vanquished.

Table legend: (Time is in decaauts)
 A = Elapsed time spent in this place.
 B = Non-inter-level travel time spent in this place.
 C = Inter-level travel time spent in this place.
 D = Time resting spent in this place.
 E = Time spent auto-exploring this place.
 F = Levels seen in this place.
 G = Mean time per level.
                   A        B        C        D        E       F      G
               +--------+--------+--------+--------+--------+-----+--------+
         Total |   1761 |   1761 |      0 |     22 |   1397 |   2 |  880.5 |
       Dungeon |   1761 |   1761 |      0 |     22 |   1397 |   2 |  880.5 |
               +--------+--------+--------+--------+--------+-----+--------+

Top non-repeatable levels by time:
     D:1: 1255 daAuts
     D:2: 505 daAuts

Table legend:
 A = Non-vault XP
 B = Vault XP
 C = Vault XP percentage of total XP
 D = Non-vault monster count
 E = Vault monster count
 F = Vault count percentage of total count
                 A         B        C        D         E       F
            +---------+---------+-------+---------+---------+-------
      Total |      74 |       0 |   0.0 |      33 |       0 |   0.0
            +---------+---------+-------+---------+---------+-------
        D:1 |      37 |       0 |   0.0 |      25 |       0 |   0.0
        D:2 |      37 |       0 |   0.0 |       8 |       0 |   0.0
            +---------+---------+-------+---------+---------+-------
